 Dungeon Crawl Stone Soup version 0.31.0-12-g77e489cdc1 (webtiles) character file.

Game seed: 3345821909191790356

81 Cheops the Ruffian (level 4, -1/28 HPs)
             Began as an Octopode Shapeshifter on Feb 26, 2024.
             Slain by Natasha (6 damage)
             ... on level 2 of the Dungeon.
             The game lasted 00:06:11 (1476 turns).

Cheops the Ruffian (Octopode Shapeshifter)          Turns: 1476, Time: 00:06:12

Health: -1/28      AC:  5    Str: 21    XL:     4   Next: 40%
Magic:  4/4        EV: 13    Int: 12    God:
Gold:   132        SH:  0    Dex: 11    Spells: 3/3 levels left

rFire   . .          .
                       - Unarmed
rCold   . . .        (no shield)
rNeg    + . .        (helmet currently unavailable)
rPois   .            (no amulet)
rElec   .            h - ring of willpower
rCorr   .            i - +4 ring of protection
SInv    .            k - +6 ring of strength
Will    +....        l - ring of positive energy
Stlth   ++           (no ring)
HPRegen 0.24/turn    (no ring)
MPRegen 0.09/turn    (no ring)
                     (no ring)

%: no passive effects
@: beast-form
A: beast (slay +1), almost no armour, amphibious, 8 rings, camouflage 1,
gelatinous body 1, (nimble swimmer 1), tentacles
a: Begin Untransformation


You were on level 2 of the Dungeon.
You were a hulking beast.
You visited 1 branch of the dungeon, and saw 2 of its levels.

You collected 132 gold pieces.

Inventory:

Hand Weapons
 a - a +1 dagger of freezing
Jewellery
 h - a ring of willpower (left tentacle)
 i - a +4 ring of protection (right tentacle)
 k - a +6 ring of strength (on tentacle)
 l - a ring of positive energy (on tentacle)
Talismans
 b - a beast talisman (active)
 c - a flux talisman
Scrolls
 d - 2 scrolls of identify {unknown}
 e - a scroll of vulnerability {unknown}
 f - a scroll of enchant armour {unknown}
 j - 4 scrolls of teleportation {unknown}
Potions
 g - a potion of lignification


   Skills:
 - Level 1.0 Fighting
 - Level 2.0 Dodging
 - Level 5.0 Unarmed Combat
 + Level 3.1 Shapeshifting


You had 3 spell levels left.
You didn't know any spells.
Your spell library contained the following spells:

 Spells                   Type           Power      Damage    Failure   Level
 Lesser Beckoning         Tloc           0%         N/A       45%         2
 Gell's Gravitas          Tloc           0%         N/A       69%         3
 Teleport Other           Tloc           0%         N/A       69%         3


Dungeon Overview and Level Annotations

Branches:
Dungeon (2/15)

Altars:

Annotations:
D:2 Natasha


Innate Abilities, Weirdness & Mutations

You are a hulking beast.
Your limbs bulge with bestial killing power. (Slay +1)
You cannot wear most types of armour.
You are amphibious.
You can wear up to eight rings at the same time.
Your skin changes colour to match your surroundings (Stealth+).
Your rubbery body absorbs attacks. (AC +1, EV +1)
((You are camouflaged when in or above water. (Stealth+)))
You have tentacles for arms and can constrict up to eight enemies at once.


Message History

Natasha extends her claws.
The cerulean imp hits you but does no damage.
Natasha claws the plant.
The plant begins to die.
The cerulean imp barely misses you.
Natasha completely misses the plant.
The cerulean imp hits you with a +0 spear.
You closely miss the cerulean imp. Your grab misses the cerulean imp.
Natasha mumbles some strange words.
The cerulean imp hits you with a +0 spear.
You bludgeon the cerulean imp! You grab the cerulean imp.
The cerulean imp is severely wounded.
You constrict the cerulean imp.
Natasha claws the plant!
The cerulean imp misses you.
You bludgeon the cerulean imp!
You kill the cerulean imp!
The cerulean imp disappears in a puff of smoke!
A nearby plant withers and dies.
The cerulean imp hits you with a +2 spear.
You tentacle-slap Natasha but do no damage.
Your grab misses Natasha.
The cerulean imp hits you with a +2 spear.
Natasha claws you.
* * * LOW HITPOINT WARNING * * *
You tentacle-slap Natasha. Your grab misses Natasha.
Natasha is lightly wounded.
The cerulean imp barely misses you.
Natasha stares at you and mumbles some strange words.
The magic dart hits you!
* * * LOW HITPOINT WARNING * * *
You barely miss Natasha. Your grab misses Natasha.
Natasha is lightly wounded.
The cerulean imp hits you with a +2 spear.
* * * LOW HITPOINT WARNING * * *
Natasha barely misses you.
Unknown command.
You tentacle-slap Natasha. Your grab misses Natasha.
Natasha is moderately wounded.
The cerulean imp closely misses you. Natasha claws you.
You die...
Natasha begins licking her fur clean.

...#........#....####'#
#..##..##..##.........#
.....................##
#.........#..........#
..........#..÷.......#
#........##..........##
#.........#...........##
#.........###..PP......#
..........# #...h..P♣P.#
..........# #..5Ph♣♣.P.#
#.........# #..P.._.♣ #
##.......## #...♣.P.P..
##.....## ##..♣.PPP..#
####### #.PPP..PP.#
##...(...## #########


You could see Natasha and a cerulean imp (summoned).

Vanquished Creatures
  3 adders (D:2)
  A dart slug (D:1)
  8 endoplasms
  2 giant cockroaches
  3 goblins (D:2)
  9 hobgoblins
  A quokka (D:2)
  2 ball pythons
  4 bats
  5 frilled lizards
  3 kobolds (D:1)
  8 rats
49 creatures vanquished.

Notes
Turn   | Place    | Note
-------+----------+-------------------------------------------
     0 | D:1      | Cheops the Octopode Shapeshifter began the quest for the
                  | Orb.
     0 | D:1      | Reached XP level 1. HP: 13/13 MP: 1/1
    80 | D:1      | Reached XP level 2. HP: 17/18 MP: 2/2
   368 | D:1      | Reached skill level 4 in Unarmed Combat
   669 | D:1      | Reached XP level 3. HP: 17/23 MP: 3/3
  1253 | D:2      | Found a faded altar of an unknown god.
  1276 | D:2      | Reached XP level 4. HP: 28/28 MP: 4/4
  1396 | D:2      | Reached skill level 5 in Unarmed Combat
  1463 | D:2      | Noticed Natasha
  1476 | D:2      | Slain by Natasha

Illustrated notes

Levels and vault maps discovered:
D:1:      dpeg_arrival_round_a, layout_loops_ring, minmay_misc_feat_pillars,
          grunt_decor_arrowhead
D:2:      layout_rooms, dreamdust_ecumenical_altar_grove, st_stairs_5,
          kennysheep_generic_room_8, uniq_jessica, uniq_natasha

Skill      XL: |  1  2  3  4 |
---------------+-------------+-----
Unarmed Combat | 4 5 |  5.0
Fighting       | |  1.0
Dodging        | |  2.0
Shapeshifting  | |  3.1

Action                     |  1- 3 |  4- 6 || total
---------------------------+-------+-------++-------
  Melee: Unarmed           |    73 |    17 ||    90
         Tentacles         |     5 |     2 ||     7
         Constrict         |    13 |     2 ||    15
         Punch             |     1 |       ||     1
Ability: Begin Untransform |     1 |       ||     1
   Stab: Sleeping          |     6 |     2 ||     8
 Armour: Skin              |    36 |    12 ||    48
  Dodge: Dodged            |    36 |     9 ||    45
   Form: Beast             |     1 |       ||     1
